 Dungeon Crawl Stone Soup version 0.26.0-18-gc5c842f807 (webtiles) character file.

Game seed: 13542985561107301846

8745 Cazemata the Cleaver (level 11, -3/110 HPs)
             Began as a Minotaur Berserker on Jan 22, 2021.
             Was a Priest of Trog.
             Shot with an arrow by a centaur warrior (19 damage)
             ... on level 10 of the Dungeon.
             The game lasted 00:30:09 (11197 turns).

Cazemata the Cleaver (Minotaur Berserker)          Turns: 11197, Time: 00:30:10

Health: -3/110     AC: 10    Str: 23    XL:     11   Next: 13%
Magic:  10/10      EV:  8    Int:  6    God:    Trog [***...]
Gold:   598        SH:  5    Dex: 10    Spells: 10/10 levels left

rFire    + . .     SeeInvis .   B - +1 hand axe (flame)
rCold    x . .     Faith    .   (no shield)
rNeg     . . .     Spirit   .   s - +0 chain mail
rPois    .         Reflect  +   (helmet restricted)
rElec    .         Harm     .   d - +1 cloak
rCorr    .         Rampage  .   (no gloves)
Will     ++...                  (no boots)
Stlth    ..........             k - amulet of reflection
HPRegen  1.28/turn              z - ring of stealth
MPRegen  0.12/turn              v - ring of fire

@: berserk cooldown, regenerating, slowed, very slow
A: retaliatory headbutt, horns 2, mutation resistance 1
a: Renounce Religion, Berserk, Trog's Hand


You were on level 10 of the Dungeon.
You worshipped Trog.
Trog was most pleased with you.
You visited 1 branch of the dungeon, and saw 10 of its levels.
You also visited: Sewer and Bailey.

You collected 598 gold pieces.

Inventory:

Hand Weapons
 B - a +1 hand axe of flaming (weapon)
 C - a +0 broad axe
Missiles
 A - a throwing net
Armour
 d - a +1 cloak (worn)
 s - a +0 chain mail (worn)
Jewellery
 k - an amulet of reflection (around neck)
 q - an uncursed amulet of faith
 v - a ring of fire (right hand)
 z - a ring of stealth (left hand)
Wands
 b - a wand of paralysis (5)
 c - a wand of digging (10)
 u - a wand of random effects (19)
Scrolls
 g - 2 scrolls of magic mapping
 h - 11 scrolls of identify
 l - 5 scrolls of teleportation
 m - 3 scrolls of blinking
 p - 3 scrolls of remove curse
 r - 4 scrolls of fear
 t - a scroll of fog
 w - 2 scrolls of enchant armour
 y - a scroll of enchant weapon
Potions
 a - a potion of flight
 e - a potion of invisibility
 f - a potion of cancellation
 i - 5 potions of heal wounds
 j - 4 potions of might
 n - 3 potions of brilliance
 o - 3 potions of curing


   Skills:
 * Level 14.2 Fighting
 - Level 14.3 Axes
 - Level 2.4 Armour
 - Level 2.1 Dodging
 - Level 2.3 Shields


You had 10 spell levels left.
You didn't know any spells.
Your spell library was empty.

Dungeon Overview and Level Annotations

Branches:
Dungeon (10/15)            Temple (0/1) D:7            Lair (0/6) D:10
    Orc (0/2) D:10          Sewer (visited)          Bailey (visited)

Altars:
Ashenzari
Dithmenos
Elyvilon
Fedhas
Kikubaaqudgha
Okawaru
Qazlal
Ru
Sif Muna
Trog
Vehumet
Wu Jian
Xom
Zin
The Shining One


Innate Abilities, Weirdness & Mutations

You reflexively headbutt those who attack you in melee.
You have a pair of horns on your head.
You are somewhat resistant to further mutation.


Message History

You hit the orc warrior. You burn the orc warrior.
You headbutt the orc warrior, but do no damage.
The orc warrior is severely wounded.
You hit something. You burn something.
The orc warrior hits you with a +0 battleaxe!
* * * LOW HITPOINT WARNING * * *
The shadow strikes at you from the darkness!
* * * LOW HITPOINT WARNING * * *
Reactivating autopickup.
The shadow hits you.
* * * LOW HITPOINT WARNING * * *
You barely miss the shadow. Your headbutt misses the shadow.
The shadow is lightly damaged.
You hit the quasit but do no damage. The quasit barely misses you.
The quasit claws you but does no damage.
You block the quasit's attack. The shadow hits you.
* * * LOW HITPOINT WARNING * * *
The centaur warrior wields a +0 longbow.
The centaur warrior shoots an arrow.
The arrow hits you!!
You die...

,,,*,,,,,,,,,,#...#,,,***,,,*,,,,
,,,*,,,,...,,,#...#,,*,.*,,,*,,,,
,,,*,,,,.....,#...####..*,,,*,,,,
,,,*,,,,.....,#...#..B***...*,>,,
,,,*,,..*#...*#.....,,*,,..#*****
,,,*,,..##...##.o.#,,,***..#####*
,,,*,,.........5Wc#***,,*.......,
,,,*,,...###......#,,*,,#.......,
,,,*,,..##⌠##.).@.#,,,###.......,
*,,+,,.##...##....#####.........,
*,,*,,##.....##.................,
*,,*,,*⌠.!♣...'.................,
,,,*,,##..!..##............>....,
,,,*,,.##...##....##......#######
**,***..##⌠##.....##......'......
<,,*,,...###......##......#......
,,,',,............##......#......


You could see a centaur warrior, an orc warrior, a shadow and a quasit.

Vanquished Creatures
  The ghost of aloneDruid the Martial Artist, a journeyman DsGl of Uskayaw (D:10)
  A two-headed ogre (D:9)
  Pikel (D:5)
  An orc knight (Bailey)
  A gargoyle (D:10)
  A troll (D:9)
  Grinder (D:3)
  2 wyverns (D:8)
  4 yaks (D:10)
  Duvessa (D:5)
  A water moccasin (D:8)
  Purgy (Sewer)
  3 orc warriors
  An eye of draining (D:8)
  2 ice beasts
  A sky beast (D:9)
  6 ogres
  3 phantoms
  A centaur (D:6)
  2 lemures (D:5)
  6 bullfrogs
  A wyvern zombie (D:10)
  A water moccasin zombie (D:7)
  Dowan (D:5)
  7 scorpions
  8 killer bees
  13 wights
  A crimson imp (D:4)
  A centaur zombie (D:9)
  4 hounds
  2 jellies
  9 orc priests
  Crazy Yiuf (D:3)
  6 orc wizards
  2 centaur skeletons
  2 iguanas
  2 bullfrog skeletons
  4 worker ants
  A killer bee zombie (D:6)
  A howler monkey zombie (D:8)
  3 gnolls (D:8)
  10 adders
  3 howler monkey skeletons
  4 shadow imps
  2 white imps
  2 ufetubi
  An ooze (D:1)
  2 adder skeletons
  2 adder zombies
  2 worms
  A dart slug (D:2)
  2 leopard geckos
  37 orcs
  5 giant cockroaches
  8 goblins
  9 hobgoblins
  5 jackals (D:3)
  5 quokkas
  4 ball pythons
  6 bats
  11 frilled lizards
  A giant cockroach zombie (D:5)
  A goblin skeleton (D:4)
  A hobgoblin zombie (D:4)
  A jackal skeleton (D:8)
  18 kobolds
  A kobold skeleton (D:4)
  3 kobold zombies (D:4)
  A leopard gecko zombie (D:7)
  2 orc skeletons (D:4)
  A quokka skeleton (D:4)
  2 quokka zombies
  3 rats
267 creatures vanquished.

Vanquished Creatures (others)
  A human (D:3)
  2 fungi (D:10)
  10 plants
13 creatures vanquished.

Grand Total: 280 creatures vanquished

Notes
Turn   | Place    | Note
-------+----------+-------------------------------------------
     0 | D:1      | Cazemata the Minotaur Berserker began the quest for the
                  | Orb.
     0 | D:1      | Reached XP level 1. HP: 19/19 MP: 0/0
    97 | D:1      | Found an iron altar of Okawaru.
   348 | D:1      | Reached XP level 2. HP: 26/26 MP: 1/1
   814 | D:2      | Found a stormy altar of Qazlal.
  1036 | D:2      | Noticed a phantom
  1058 | D:2      | HP: 1/39 [phantom (6)]
  1059 | D:2      | Killed a phantom
  1060 | D:2      | Reached XP level 3. HP: 1/31 MP: 2/2
  1060 | D:2      | Reached XP level 4. HP: 2/39 MP: 3/3
  1706 | D:2      | Reached XP level 5. HP: 45/45 MP: 4/4
  1787 | D:2      | Found a glowing silver altar of Zin.
  1838 | D:2      | Found an ornate altar of the Wu Jian Council.
  1843 | D:2      | Noticed a spectral centipede
  1843 | D:2      | Noticed a spectral black mamba
  1843 | D:2      | Noticed a spectral cane toad
  1965 | D:2      | Gained mutation: You are somewhat resistant to further
                  | mutation. [potion of mutation]
  2007 | D:3      | Noticed Grinder
  2029 | D:3      | Paralysed by Grinder for 4 turns
  2033 | D:3      | Killed Grinder
  2034 | D:3      | Reached XP level 6. HP: 24/51 MP: 5/5
  2214 | D:3      | Reached ** piety under Trog
  2432 | D:3      | Reached XP level 7. HP: 10/57 MP: 6/6
  2525 | D:3      | Found an ancient bone altar of Kikubaaqudgha.
  2525 | D:3      | Noticed a human
  2528 | D:3      | Killed a human
  2557 | D:3      | Found a broken altar of Ashenzari.
  2692 | D:3      | Found a glowing drain.
  2707 | Sewer    | Entered a sewer
  2774 | Sewer    | Noticed Purgy
  2790 | Sewer    | Killed Purgy
  2791 | Sewer    | Reached skill level 10 in Axes
  3220 | D:3      | Found a runed translucent door.
  3221 | D:3      | Noticed Crazy Yiuf
  3371 | D:3      | Killed Crazy Yiuf
  3567 | D:4      | Found a white marble altar of Elyvilon.
  3889 | D:4      | Found a sacrificial altar of Ru.
  4000 | D:4      | Reached skill level 1 in Shields
  4045 | D:4      | Found a glowing golden altar of the Shining One.
  4374 | D:4      | Found a shadowy altar of Dithmenos.
  4374 | D:4      | Found an ancient bone altar of Kikubaaqudgha.
  4374 | D:4      | Found a radiant altar of Vehumet.
  4698 | D:5      | Entered Level 5 of the Dungeon
  4698 | D:5      | Noticed Pikel
  4711 | D:5      | Killed Pikel
  4712 | D:5      | Reached XP level 8. HP: 16/64 MP: 7/7
  5195 | D:5      | Reached *** piety under Trog
  5692 | D:5      | Noticed Duvessa
  5692 | D:5      | Noticed Dowan
  5715 | D:5      | Killed Duvessa
  5729 | D:5      | Killed Dowan
  6146 | D:6      | Reached XP level 9. HP: 39/70 MP: 8/8
  6686 | D:6      | Found a shimmering altar of Xom.
  6687 | D:6      | Found a shimmering altar of Xom.
  6687 | D:6      | Found a shimmering altar of Xom.
  6688 | D:6      | Found a shimmering altar of Xom.
  6689 | D:6      | Found a shimmering altar of Xom.
  6689 | D:6      | Found a shimmering altar of Xom.
  6765 | D:6      | Found a shimmering altar of Xom.
  6833 | D:6      | Found a blossoming altar of Fedhas.
  7033 | D:6      | Reached **** piety under Trog
  7287 | D:7      | Found a staircase to the Ecumenical Temple.
  7539 | D:7      | Reached skill level 5 in Fighting
  8338 | D:8      | Reached XP level 10. HP: 52/91 MP: 3/9
  8725 | D:8      | Reached skill level 10 in Fighting
  8795 | D:8      | Reached ***** piety under Trog
  9074 | D:9      | Found a bloodstained altar of Trog.
  9381 | D:9      | Noticed a two-headed ogre
  9397 | D:9      | Killed a two-headed ogre
  9576 | D:9      | Found a blossoming altar of Fedhas.
  9577 | D:9      | Found a bloodstained altar of Trog.
  9933 | D:9      | Found a shimmering blue altar of Sif Muna.
 10194 | D:10     | Entered Level 10 of the Dungeon
 10201 | D:10     | Found a flagged portal.
 10241 | D:10     | Noticed a gargoyle
 10261 | D:10     | Killed a gargoyle
 10643 | D:10     | Found a staircase to the Lair.
 10709 | Bailey   | Entered a bailey
 10749 | Bailey   | Noticed an orc warlord
 10799 | Bailey   | Noticed an orc knight
 10814 | Bailey   | Killed an orc knight
 10815 | Bailey   | Reached XP level 11. HP: 108/108 MP: 10/10
 10830 | Bailey   | Found a runed translucent gate.
 10832 | Bailey   | Found a runed translucent gate.
 10834 | Bailey   | Found a runed translucent gate.
 11148 | D:10     | Found a runed translucent door.
 11151 | D:10     | Noticed aloneDruid's ghost (journeyman DsGl)
 11172 | D:10     | Killed aloneDruid's ghost
 11188 | D:10     | Noticed a boulder beetle
 11191 | D:10     | Noticed a centaur warrior
 11197 | D:10     | Shot with an arrow by a centaur warrior

Illustrated notes

Levels and vault maps discovered:
D:1:      heliophobic_arrival_ceremonial_halls, layout_basic, minmay_hexomino_r4
D:2:      layout_rooms, old_standard_altar, pdpol_wu_jian_five_deadly_venoms,
          nicolae_qazlal_general_emergency
D:3:      layout_basic, cheibrodos_ashenzari_chains,
          cheibrodos_sewer_entry_sluice, minmay_liquid_box,
          grunt_decor_resistance, tgw_kikubaaqudgha, uniq_grinder,
          uniq_crazy_yiuf_cottage
D:4:      layout_layer_cave, nicolae_tso_besieged_by_evil,
          overflow_temple_1_default, gammafunk_temple_overflow_forgotten,
          elyvilon_altar_4
D:5:      layout_cave_pods, uniq_pikel, uniq_duvessa
D:6:      layout_basic, nicolae_xom_altar_mimics, grunt_ministairs_4,
          fedhas_altar_1
D:7:      layout_cave_pools, temple_statues
D:8:      layout_loops_ring, serial_glass, glass_columns_a, glass_columns_a
D:9:      layout_roguey, gammafunk_temple_overflow_statue, marbit_many_paths,
          trog_three_pillars_becter
D:10:     minmay_blocky_corners, layout_stronghold,
          grunt_lair_entry_orc_guard_hut, enter_bailey_2,
          hellmonk_ghost_happy_afterlife, uniq_snorg

Skill      XL: |  1  2  3  4  5  6  7  8  9 10 11 |
---------------+----------------------------------+-----
Axes           | 4 6 8 9 12 13 14 | 14.3
Shields        | 2 |  2.3
Fighting       | 9 13 14 | 14.2
Armour         | |  2.4
Dodging        | |  2.1

Action                   |  1- 3 |  4- 6 |  7- 9 | 10-12 || total
-------------------------+-------+-------+-------+-------++-------
Melee: Hand axe          |    43 |    81 |   421 |   259 ||   804
       Headbutt          |     3 |    10 |    88 |    66 ||   167
Invok: Berserk           |     1 |     2 |     2 |     2 ||     7
       Trog's Hand       |       |     2 |     5 |     6 ||    13
  Use: Scroll            |       |     6 |     5 |     4 ||    15
       Potion            |       |     5 |     4 |     3 ||    12
 Stab: Invisible         |       |     1 |       |       ||     1
Armor: Animal skin       |     2 |       |       |       ||     2
       Leather armour    |     5 |    13 |    18 |       ||    36
       Chain mail        |       |       |    76 |    95 ||   171
Dodge: Dodged            |    24 |    47 |   143 |    97 ||   311
Block: Other             |       |     1 |    66 |    62 ||   129
       Reflection        |       |       |     2 |    21 ||    23
